 Dungeon Crawl Stone Soup version 0.20.1-1-g8b1a95d66d (webtiles) character file.

10102 Jynx the Basher (level 11, -6/90 HPs)
             Began as a Demonspawn Berserker on Dec 22, 2017.
             Was a High Priest of Trog.
             Mangled by a blink frog (9 damage)
             ... on level 1 of the Lair of Beasts.
             The game lasted 00:23:03 (14572 turns).

Jynx the Basher (Demonspawn Berserker)             Turns: 14572, Time: 00:23:03

Health: -6/90      AC: 21    Str: 23    XL:     11   Next: 31%
Magic:  0/11       EV:  9    Int:  8    God:    Trog [*****.]
Gold:   593        SH:  0    Dex: 14    Spells: 10/10 levels left

rFire    . . .     SeeInvis .   a - +0 mace
rCold    . . .     Gourm    .   (no shield)
rNeg     . . .     Faith    .   o - +1 chain mail
rPois    .         Spirit   +   (no helmet)
rElec    .         Reflect  .   p - +0 cloak
rCorr    .         Harm     .   v - +0 pair of gloves
MR       .....                  (no boots)
Stlth    ..........             (no amulet)
Regen    0.3/turn               q - +3 ring of strength
MPRegen  0.3/turn               (no ring)

@: lethally poisoned (-6 -> -7), sanguine armour, berserk cooldown, slowed,
heavily drained, very slow
A: powered by pain 1, magic shield, magic regeneration, magic link, sanguine
armour 2
a: Berserk, Trog's Hand, Brothers in Arms, Burn Spellbooks, Renounce Religion


You were on level 1 of the Lair of Beasts.
You worshipped Trog.
Trog was extremely pleased with you.
You were hungry.

You visited 2 branches of the dungeon, and saw 10 of its levels.
You also visited: Ossuary.

You collected 593 gold pieces.

Inventory:

Hand Weapons
 a - a +0 mace (weapon)
Armour
 o - a +1 chain mail (worn)
 p - a +0 cloak (worn)
 v - a +0 pair of gloves (worn)
Jewellery
 q - a +3 ring of strength (left hand)
 u - an uncursed ring of fire {unknown}
 E - an uncursed ring of wizardry {unknown}
Wands
 l - a wand of iceblast (9/15)
 r - a wand of flame (9/48)
 w - a wand of polymorph (11/24)
 y - a wand of iceblast (3/15)
Scrolls
 b - 3 scrolls of blinking
 e - a scroll of identify
 f - 3 scrolls of teleportation
 j - a scroll of noise
 t - a scroll of amnesia {unknown}
 x - 4 scrolls of remove curse
Potions
 d - a potion of agility
 k - a potion of ambrosia
 m - 3 potions of flight
 n - a potion of brilliance
 s - 5 potions of curing {unknown}
 z - a potion of mutation {unknown}
 A - a potion of lignification {unknown}
 B - 5 potions of heal wounds
 C - a potion of might {unknown}
 F - 2 potions of cancellation {unknown}
Books
 D - a book of Debilitation

   Spells                             Type                      Level
   a - Corona                         Hexes                        1
   b - Slow                           Hexes                        2
   c - Inner Flame                    Hexes/Fire                   3
   d - Portal Projectile              Hexes/Translocation          3
   e - Cause Fear                     Hexes                        4
   f - Leda's Liquefaction            Hexes/Earth                  4
   Trog disapproves of the use of such an item.
 H - a book of Power

   Spells                             Type                      Level
   a - Iskenderun's Battlesphere      Conjuration/Charms           5
   b - Venom Bolt                     Conjuration/Poison           5
   c - Bolt of Magma                  Conjuration/Fire/Earth       5
   d - Iron Shot                      Conjuration/Earth            6
   e - Orb of Destruction             Conjuration                  7
   f - Spellforged Servitor           Conjuration/Summoning        7
   Trog disapproves of the use of such an item.
Comestibles
 c - 5 bread rations
 g - a royal jelly
 h - 8 meat rations
 i - 7 fruits
 G - a chunk of flesh


   Skills:
 + Level 10.1(7.7) Fighting
 * Level 12.5(9.8) Maces & Flails
 - Level 4.5(2.4) Armour
 - Level 4.4(2.3) Dodging


You had 10 spell levels left.
You didn't know any spells.

Dungeon Overview and Level Annotations

Branches:
Dungeon (9/15)             Temple (0/1) D:6            Lair (1/6) D:9
    Orc: D:9-12

Altars:
Kikubaaqudgha
Makhleb
Ru
Trog
Yredelemnul
The Shining One

Shops:
D:5 }   D:7 }!=


Innate Abilities, Weirdness & Mutations

You sometimes gain a little power by taking damage.
When hurt, damage is shared between your health and your magic reserves.
You regenerate magic rapidly.
When low on magic, you restore magic in place of health.
When seriously injured, your bleeding wounds create thick armour. (AC +9)


Message History

The blink frog hits you.
* * * LOW HITPOINT WARNING * * *
You feel sick.
The blink frog hits you but does no damage.
The blink frog hits you.
* * * LOW HITPOINT WARNING * * *
The blink frog blinks!
The blink frog hits you.
* * * LOW HITPOINT WARNING * * *
The blink frog hits you but does no damage.
You feel sick.
The blink frog hits you but does no damage.
The blink frog hits you!
* * * LOW HITPOINT WARNING * * *
The blink frog blinks! x2; The blink frog barely misses you.
The blink frog blinks!
You feel sick.
The blink frog hits you but does no damage.
The blink frog hits you but does no damage. x2
You feel sick. The blink frog hits you!
You die...

#..F.........
#..$.#.......
..###..†.#...#
.............#
>..⌠.....F..##
..........+.[#
...##...##...# ... #.
#...##F..# .....# .
#....##@### .....#
#...###..#####.....#
....####P..##.#.....###
....#...............#.##
.###....................
......................
......................
......................
......................


You could see 2 blink frogs.

Vanquished Creatures
  A hydra (Lair:1)
  2 two-headed ogres (D:8)
  Pikel (D:7)
  Psyche (D:8)
  Prince Ribbit (D:9)
  Grinder (D:5)
  3 blink frogs (Lair:1)
  3 hippogriffs
  Sigmund (D:2)
  A spriggan (D:7)
  A yak (D:9)
  A hungry ghost (D:7)
  Menkaure (D:7)
  A water moccasin (Lair:1)
  3 orc warriors
  2 porcupines
  A black bear (D:9)
  3 phantoms
  4 sky beasts
  The ghost of ShansongY the Sneak, an amateur MiAs (D:3)
  3 ogres
  5 crocodiles
  6 centaurs
  A big kobold (D:5)
  2 bullfrogs
  5 scorpions
  3 water moccasin zombies
  7 howler monkeys
  3 crimson imps
  A quasit (D:8)
  5 orc priests
  Crazy Yiuf (D:3)
  7 hounds
  8 orc wizards
  2 bullfrog skeletons (D:7)
  Jessica (D:2)
  2 centaur skeletons
  3 iguanas
  12 worker ants
  A killer bee zombie (D:8)
  2 big kobold zombies (Ossuary)
  A hound zombie (D:7)
  3 mummies
  Robin (D:2)
  14 gnolls
  8 adders
  A shadow imp (D:8)
  An adder skeleton (D:8)
  5 adder zombies
  5 worms
  2 dart slugs
  4 leopard geckos
  22 orcs
  2 bats (D:3)
  10 giant cockroaches
  4 gnoll zombies (Ossuary)
  14 goblins
  15 hobgoblins
  7 jackals (D:2)
  4 quokkas
  3 ball pythons
  5 frilled lizards
  2 hobgoblin zombies (Ossuary)
  13 kobolds
  6 kobold zombies (Ossuary)
  6 orc zombies (Ossuary)
  A quokka skeleton (D:4)
  A quokka zombie (D:9)
  14 rats
  A spectral orc (D:3)
288 creatures vanquished.

Vanquished Creatures (collateral kills)
  Eustachio (D:6)
1 creature vanquished.

Vanquished Creatures (others)
  A shadow imp (D:7)
  3 jackals (D:7)
  A fungus (D:9)
5 creatures vanquished.

Grand Total: 294 creatures vanquished

Notes
Turn   | Place    | Note
-------+----------+-------------------------------------------
     0 | D:1      | Jynx the Demonspawn Berserker began the quest for the Orb.
     0 | D:1      | Reached XP level 1. HP: 18/18 MP: 1/1
    97 | D:1      | Gained mutation: When seriously injured, your bleeding wounds create armour. (AC +9) [demonic ancestry]
    97 | D:1      | Reached XP level 2. HP: 20/24 MP: 2/2
   582 | D:1      | Reached skill level 3 in Maces & Flails
   738 | D:1      | Gained mutation: When hurt, damage is shared between your health and your magic reserves. [demonic ancestry]
   738 | D:1      | Reached XP level 3. HP: 18/29 MP: 3/3
   740 | D:1      | Reached ** piety under Trog
  1341 | D:2      | Noticed Robin
  1578 | D:2      | Killed Robin
  1578 | D:2      | Reached XP level 4. HP: 23/35 MP: 2/4
  2065 | D:2      | Noticed Sigmund
  2117 | D:2      | Killed Sigmund
  2117 | D:2      | Reached skill level 4 in Maces & Flails
  2117 | D:2      | Reached XP level 5. HP: 11/42 MP: 5/5
  2117 | D:2      | Gained mutation: When seriously injured, your bleeding wounds create thick armour. (AC +9) [demonic ancestry]
  2117 | D:2      | Reached XP level 6. HP: 13/48 MP: 6/6
  2274 | D:2      | Noticed Jessica
  2284 | D:2      | Killed Jessica
  2291 | D:2      | Reached *** piety under Trog
  3101 | D:3      | Noticed ShansongY's ghost (amateur MiAs)
  3110 | D:3      | Killed ShansongY's ghost
  3165 | D:3      | Found a sacrificial altar of Ru.
  3254 | D:3      | Found a runed door.
  3469 | D:3      | Found a basalt altar of Yredelemnul.
  3639 | D:3      | Noticed Crazy Yiuf
  3642 | D:3      | Paralysed by Crazy Yiuf for 2 turns
  3645 | D:3      | Killed Crazy Yiuf
  3986 | D:4      | Reached skill level 5 in Maces & Flails
  3986 | D:4      | Reached XP level 7. HP: 40/55 MP: 7/7
  4181 | D:4      | HP: 2/55 [gnoll/spear (2)]
  4761 | D:4      | Reached **** piety under Trog
  4761 | D:4      | Reached skill level 5 in Fighting
  4886 | D:4      | HP: 2/56 [ogre/giant spiked club (13)]
  5405 | D:5      | Entered Level 5 of the Dungeon
  5592 | D:5      | Reached skill level 6 in Maces & Flails
  5747 | D:5      | Found Osuv Dufo's Gadget Emporium.
  5759 | D:5      | Gained mutation: You sometimes gain a little power by taking damage. [demonic ancestry]
  5759 | D:5      | Reached XP level 8. HP: 62/62 MP: 8/8
  5971 | D:5      | Noticed Grinder
  5998 | D:5      | Killed Grinder
  6639 | D:6      | Found a staircase to the Ecumenical Temple.
  7012 | D:6      | Reached skill level 7 in Maces & Flails
  7495 | D:6      | Found a glowing golden altar of the Shining One.
  7529 | D:6      | Noticed Eustachio
  7583 | D:6      | Killed Eustachio
  7583 | D:6      | Gained mutation: You regenerate magic rapidly. [demonic ancestry]
  7583 | D:6      | Reached XP level 9. HP: 27/71 MP: 4/9
  8037 | D:6      | Reached skill level 8 in Maces & Flails
  8557 | D:7      | Found a bloodstained altar of Trog.
  8759 | D:7      | Noticed Pikel
  8775 | D:7      | Killed Pikel
  8775 | D:7      | Reached skill level 9 in Maces & Flails
  8815 | D:7      | Found Pepnedich's Gadget Emporium.
  8833 | D:7      | Reached ***** piety under Trog
  9230 | D:7      | Reached skill level 10 in Maces & Flails
  9230 | D:7      | Gained mutation: When low on magic, you restore magic in place of health. [demonic ancestry]
  9230 | D:7      | Reached XP level 10. HP: 80/80 MP: 10/10
  9236 | D:7      | Found Wossahyr's Jewellery Boutique.
  9302 | D:7      | Found Huwenulus's Distillery.
  9318 | D:7      | Noticed Menkaure
  9320 | D:7      | Found a bloodstained altar of Trog.
  9328 | D:7      | Killed Menkaure
  9912 | D:8      | Noticed Psyche
  9923 | D:8      | Killed Psyche
 10048 | D:8      | Found a sand-covered staircase.
 10061 | Ossuary  | Entered an ossuary
 10236 | Ossuary  | Received a gift from Trog
 10541 | D:8      | Noticed a two-headed ogre
 10549 | D:8      | Killed a two-headed ogre
 10549 | D:8      | Reached skill level 11 in Maces & Flails
 10905 | D:8      | Found an ancient bone altar of Kikubaaqudgha.
 11372 | D:8      | Found a burning altar of Makhleb.
 12179 | D:8      | Noticed a two-headed ogre
 12192 | D:8      | Killed a two-headed ogre
 12457 | D:9      | Reached XP level 11. HP: 37/89 MP: 8/11
 12866 | D:9      | Found a staircase to the Lair.
 13068 | D:9      | Noticed Prince Ribbit
 13516 | D:9      | Reached skill level 12 in Maces & Flails
 13917 | D:9      | Killed Prince Ribbit
 14003 | Lair:1   | Entered Level 1 of the Lair of Beasts
 14422 | Lair:1   | Reached skill level 10 in Fighting
 14539 | Lair:1   | Noticed a seven-headed hydra
 14556 | Lair:1   | Killed a seven-headed hydra
 14569 | Lair:1   | HP: 4/90 [blink frog (5)]
 14572 | Lair:1   | Mangled by a blink frog

Skill      XL: |  1  2  3  4  5  6  7  8  9 10 11 |
---------------+----------------------------------+-----
Dodging        | 2 3 4 |  4.4
Armour         | 2 3 4 |  4.5
Maces & Flails | 3 4 5 6 7 10 11 12 | 12.5
Fighting       | 4 5 6 8 9 10 | 10.1

Action                   |  1- 3 |  4- 6 |  7- 9 | 10-12 || total
-------------------------+-------+-------+-------+-------++-------
Melee: Mace              |   106 |   259 |   675 |   680 ||  1720
Invok: Berserk           |     3 |     4 |    15 |    16 ||    38
       Brothers in Arms  |       |       |     1 |       ||     1
Evoke: Wand              |       |       |     4 |       ||     4
  Use: Potion            |       |     2 |     3 |     1 ||     6
       Scroll            |       |       |     9 |     3 ||    12
 Stab: Sleeping          |     2 |       |       |       ||     2
       Invisible         |       |     1 |       |       ||     1
  Eat: Chunk             |     3 |     9 |    29 |    25 ||    66
       Fruit             |       |     3 |       |       ||     3
       Bread ration      |       |       |     1 |     2 ||     3
Armor: Animal skin       |     7 |       |       |       ||     7
       Chain mail        |    41 |   176 |   429 |   466 ||  1112
Dodge: Dodged            |    93 |   136 |   324 |   308 ||   861
